 Dungeon Crawl Stone Soup version 0.21-a0-185-g3a6ed1e (console) character file.

32 utis the Vexing (level 3, 14/14 HPs)
             Began as a Felid Enchanter on Aug 12, 2017.
             Quit the game on level 2 of the Dungeon.
             The game lasted 00:07:46 (2967 turns).

utis the Vexing (Felid Enchanter)                   Turns: 2967, Time: 00:07:46

Health: 14/14      AC:  1    Str:  4    XL:     3   Next: 10%
Magic:  7/7        EV: 18    Int: 17    God:
Gold:   60         SH:  0    Dex: 16    Spells: 3/6 levels left
                                        Lives:  0   Deaths: 1

rFire    . . .     SeeInvis +     - Unarmed
rCold    . . .     Gourm    .   (shield unavailable)
rNeg     . . .     Faith    .   (armour unavailable)
rPois    .         Spirit   .   (helmet unavailable)
rElec    .         Reflect  .   (cloak unavailable)
rCorr    .         Harm     .   (gloves unavailable)
MR       .....                  (boots unavailable)
Stlth    +++.......             (no amulet)
HPRegen  0.04/turn              (no ring)
MPRegen  0.10/turn              (no ring)

@: quick
A: no armour, no weapons or thrown items, stealth, claws 1, fangs 3, see
invisible, carnivore 3, speed 1, shaggy fur 1, slow metabolism 1, sharp paws
a: no special abilities


You were on level 2 of the Dungeon.
You were not hungry.

You visited 1 branch of the dungeon, and saw 2 of its levels.

You collected 60 gold pieces.

Inventory:

Armour
 i - a +0 helmet
Jewellery
 e - an uncursed ring of positive energy {unknown}
Scrolls
 f - a scroll of identify {@r1}
 g - a scroll of recharging {unknown}
 k - 2 scrolls of remove curse {unknown}
Potions
 c - a potion of flight
 d - a potion of degeneration {unknown}
 h - 2 potions of heal wounds {unknown}
Books
 a - a book of Maledictions

   Spells                             Type                      Level
   a - Corona                         Hexes                        1
   b - Ensorcelled Hibernation        Hexes/Ice                    2
   c - Confuse                        Hexes                        3
   d - Tukima's Dance                 Hexes                        3
   e - Dazzling Spray                 Conjuration/Hexes            3
Comestibles
 b - a meat ration {@e1}
 j - 2 royal jellies {@e3}
 l - 4 chunks of flesh


   Skills:
 - Level 2.6 Dodging
 - Level 4.0 Stealth
 - Level 2.4 Unarmed Combat
 - Level 2.0 Spellcasting
 + Level 5.5 Hexes
 + Level 1.7 Ice Magic


You had 3 spell levels left.
You knew the following spells:

 Your Spells              Type           Power        Failure   Level  Hunger
a - Corona                Hex            ###....      1%          1    #......
e - Ensorcelled Hibernat  Hex/Ice        ##....       7%          2    ###....


Dungeon Overview and Level Annotations

Branches:
Dungeon (2/15)

Altars:

Annotations:
D:2 Crazy Yiuf


Innate Abilities, Weirdness & Mutations

You cannot wear armour.
You are incapable of wielding weapons or throwing items.
Your paws allow you to move quietly. (Stealth)
You have sharp claws.
You have razor-sharp teeth.
You have supernaturally acute eyesight. (SInv)
You are carnivorous and can eat meat at any time.
You cover ground quickly.
You are covered in fur. (AC +1)
You have a slow metabolism.
Your sharp claws are effective at attacking unaware monsters.


Message History

Crazy Yiuf yells, "Nubble snockshim blue!"
You see here a mace.
You scratch the fungus. You bite the fungus.
The fungus is lightly damaged.
You scratch the fungus but do no damage.
The fungus is lightly damaged.
You scratch Crazy Yiuf.
Crazy Yiuf is severely wounded.
Crazy Yiuf completely misses you.
You barely miss Crazy Yiuf.
Crazy Yiuf is severely wounded.
Crazy Yiuf hits you with a quarterstaff of chaos!!
Ouch! That really hurt!
You die...
Crazy Yiuf freezes you!
You are now level 3!
You rejoin the land of the living...
Unknown command.
Unknown command.
Are you sure you want to abandon this character and quit the game? (Confirm with "yes".)

░.........░.░.░..░ ░.░
░.░.......░.░.░..░ ░░░░░░.░
░.░.░░░░░░░.░.░..░░░ ░.......
░░░.░.░..............░ ░.......
.............░░░░..░.░ ░..➘....
░░░.░.░░...........░.░░░░░.......
░.░.░░...░..░░░..░.░░..........
░░░+░.░....░.......░.░░..........
.........[░░...░░░.░.░░..........
.....<....'..░..h..░.░░.....░░░.░
..........░░░░..░░.░.░░.....░ ░.░
..<..........)..░░.░.░░.....░ ░≈░
...........░░░.......░░░░░░░░ ░≈░
.....░░➘...░░░..░░.░░░░░ ░≈░
.....░░....░...........░ ░.░
.....░░░░░░░.░░..░.░░░.░ ░░░.░
.....░ ░.░░░.░.░ ░)░ ░.... ...░░░
░.░░░...░░░'░░░ ░.... ...░
░.............░ ░....


There were no monsters in sight!

Vanquished Creatures
  An adder (D:2)
  An ooze (D:1)
  4 leopard geckos
  2 ball pythons
  6 bats
  8 giant cockroaches
  6 goblins
  3 hobgoblins (D:1)
  6 jackals (D:1)
  8 frilled lizards (D:1)
  5 kobolds
  4 rats
54 creatures vanquished.

Notes
Turn   | Place    | Note
-------+----------+-------------------------------------------
     0 | D:1      | utis the Felid Enchanter began the quest for the Orb.
     0 | D:1      | Reached XP level 1. HP: 7/7 MP: 4/4
   396 | D:1      | Reached XP level 2. HP: 11/11 MP: 4/6
   623 | D:1      | Learned a level 2 spell: Ensorcelled Hibernation
  1249 | D:1      | Reached XP level 3. HP: 12/14 MP: 0/7
  1494 | D:1      | Reached skill level 1 in Ice Magic
  1548 | D:1      | Reached skill level 5 in Hexes
  2466 | D:2      | Reached XP level 4. HP: 18/18 MP: 1/8
  2584 | D:2      | Found a faded altar of an unknown god.
  2944 | D:2      | Found a runed door.
  2948 | D:2      | Noticed Crazy Yiuf
  2966 | D:2      | Slain by Crazy Yiuf
  2967 | D:2      | Reached XP level 3. HP: -1/14 MP: 5/7
  2967 | D:2      | Quit the game

Vault maps used:
D:1:      dpeg_arrival_prison
D:2:      chequers_ecumenical_altar_twisty, corexii_corridor_pit,
          uniq_crazy_yiuf_cottage

Skill      XL: |  1  2  3 |
---------------+----------+-----
Unarmed Combat | 2 |  2.4
Ice Magic      | 1 |  1.7
Hexes          | 5 |  5.5
Dodging        | |  2.6
Stealth        | |  4.0
Spellcasting   | |  2.0

Action                   |  1- 3 |  4- 6 || total
-------------------------+-------+-------++-------
Melee: Unarmed           |   122 |    13 ||   135
       Bite              |     4 |     1 ||     5
 Cast: Corona            |    13 |       ||    13
       Ensorcelled Hiber |    33 |     4 ||    37
  Use: Scroll            |     2 |       ||     2
 Stab: Sleeping          |    25 |     5 ||    30
  Eat: Chunk             |    13 |     1 ||    14
Armor: Skin              |     3 |       ||     3
Dodge: Dodged            |   127 |     7 ||   134
